 Dungeon Crawl Stone Soup version 0.18-a0-1730-g73f0523 (webtiles) character file.

996656 xeno23 the Imperceptible (level 25, -14/187 HPs)
             Began as a Vampire Enchanter on Apr 7, 2016.
             Was the Champion of Ru.
             Killed by dispel undead
             ... invoked by a Tzitzimitl
             ... created by the effects of Hell
              (71 damage)
             ... on level 7 of Tartarus on Apr 10, 2016.
             The game lasted 14:06:17 (85263 turns).

xeno23 the Imperceptible (Vampire Enchanter)       Turns: 85263, Time: 14:06:17

Health: -14/187    AC: 24    Str:  9      XL:     25
Magic:  17/42      EV: 33    Int: 22      God:    Ru [******]
Gold:   4995       SH: 19    Dex: 19 (20) Spells: 13 memorised, 0 levels left

rFire  + . .     SeeInvis +     W - +9 quick blade (flame)
rCold  + + +     Gourm    .     x - +2 robe {Archmagi}
rNeg   + + +     Faith    .     d - +5 shield {AC+3}
rPois  +         Spirit   .     m - +2 hat
rElec  +         Dismiss  .     B - +2 cloak {+Inv}
rCorr  .         Reflect  .     f - +2 pair of gloves {Str+3}
SustAt .         Harm     .     O - +2 pair of boots {Stlth+}
MR     +++..                    w - amulet of regeneration
Stlth  ++++++++++               y - ring of Tykuna {rC- rN+ MR+ SInv Stlth+}
                                p - ring of Digeor {*Corrode rElec rC+++ EV+3 Dex+4}

@: no scrolls, very slightly contaminated, regenerating, deflect missiles,
extremely resistant to hostile enchantments, uncannily stealthy
A: fangs 3, horns 1, rough black scales 1, thin metallic scales 1, see
invisible, clumsy 1, deterioration 1, fire resistance 1, frail 1, weak 2,
unbreathing, inability to read while threatened, hated by all, inability to
train armour, disrupted magic 1, inexperienced 1
a: Bat Form, Draw Out Power, Power Leap, Apocalypse, Renounce Religion, Evoke
Invisibility
}: 11/15 runes: barnacled, slimy, silver, golden, abyssal, demonic, glowing,
magical, fiery, dark, gossamer


You were on level 7 of Tartarus.
You worshipped Ru.
Ru was exalted by your worship.
You were very thirsty.

You visited 13 branches of the dungeon, and saw 66 of its levels.
You visited Pandemonium 4 times, and saw 16 of its levels.
You visited the Abyss 1 time.
You visited 1 bazaar.
You also visited: Bailey and Wizlab.

You collected 14523 gold pieces.
You spent 9528 gold pieces at shops.

Inventory:

Hand Weapons
 W - a +9 quick blade of flaming (weapon)
Armour
 d - a +5 shield of protection (worn)
 f - a +2 pair of gloves of strength (worn)
 m - a +2 hat (worn)
 x - a +2 robe of the Archmagi (worn)
 B - a +2 cloak of invisibility (worn)
 O - a +2 pair of boots of stealth (worn)
 X - a +0 helmet of intelligence
 Y - a +2 pair of boots of flying
Jewellery
 p - the ring of Digeor (left hand) {*Corrode rElec rC+++ EV+3 Dex+4}
   (You found it on level 6 of the Pits of Slime)

   [ring of evasion]

   It affects your evasion (+3).
   It affects your dexterity (+4).
   It renders you almost immune to cold.
   It insulates you from electricity.
   It may corrode you when you take damage.
 w - an amulet of regeneration (around neck)
 y - the ring of Tykuna (right hand) {rC- rN+ MR+ SInv Stlth+}
   (You took it off an efreet in Pandemonium)

   [ring of see invisible]

   It makes you vulnerable to cold.
   It protects you from negative energy.
   It affects your resistance to hostile enchantments.
   It lets you see invisible.
   It makes you more stealthy.
Wands
 q - a wand of acid (8/15)
 H - a wand of heal wounds (5/9)
 M - a wand of digging (10/24)
 Q - a wand of iceblast (6/15)
 S - a wand of disintegration (10/24)
 U - a wand of hasting (5/9)
 V - a wand of teleportation (6/9)
Scrolls
 b - 21 scrolls of identify
 c - 28 scrolls of remove curse
 e - a scroll of enchant weapon
 h - 3 scrolls of fear
 k - 10 scrolls of magic mapping
 n - 9 scrolls of blinking
 o - 7 scrolls of enchant armour
 r - 8 scrolls of recharging
 t - 14 scrolls of fog
 z - 7 scrolls of vulnerability
 G - 17 scrolls of teleportation
 T - 6 scrolls of amnesia
Potions
 a - 5 potions of cure mutation
 g - 36 potions of curing
 i - 11 potions of might
 j - 11 potions of flight
 l - 7 potions of haste
 s - 13 potions of brilliance
 v - 5 potions of agility
 D - 8 potions of ambrosia
 F - 7 potions of resistance
 J - 4 potions of cancellation
 P - 7 potions of magic
 R - 6 potions of heal wounds
Books
 u - a book of Burglary

   Spells                             Type                      Level
   a - Swiftness                      Charms/Air                   2
   b - Passwall                       Transmutation/Earth          2
   c - Passage of Golubria            Translocation                4
   d - Lee's Rapid Deconstruction     Earth                        5
   e - Darkness                       Hexes                        6
   f - Invisibility                   Hexes                        6


   Skills:
 * Level 19.2 Fighting
 + Level 23.1 Short Blades
 - Level 8.7 Throwing
 * Level 20.4 Dodging
 + Level 26.3 Stealth
 - Level 17.4 Shields
 - Level 15.7 Spellcasting
 - Level 7.7 Conjurations
 - Level 23.0 Hexes
 * Level 19.4 Charms
 - Level 8.0 Necromancy
 - Level 8.8 Translocations
 - Level 11.0 Fire Magic
 - Level 7.5 Air Magic


You couldn't memorise any spells.
You knew the following spells:

 Your Spells              Type           Power        Failure   Level  Hunger
a - Confuse               Hex            ########     1%          3    None
b - Invisibility          Hex            ########     1%          6    #####..
c - Warp Weapon           Chrm/Tloc      #######...   1%          5    ##.....
d - Discord               Hex            ########..   4%          8    #######
e - Regeneration          Chrm/Necr      #######...   1%          3    None
f - Ring of Flames        Chrm/Fire      #######...   12%         7    ######.
g - Blink                 Tloc           N/A          1%          2    None
h - Passage of Golubria   Tloc           N/A          1%          4    None
q - Dazzling Spray        Conj/Hex       #######.     1%          3    None
r - Deflect Missiles      Chrm/Air       #######...   4%          6    #####..
s - Fulminant Prism       Conj/Hex       #######...   1%          4    None
v - Apportation           Tloc           ######....   1%          1    None
w - Spectral Weapon       Hex/Chrm       ########     1%          3    None


Dungeon Overview and Level Annotations

Branches:
Dungeon (15/15)              Lair (8/8) D:10         Shoals (4/4) Lair:3
 Spider (4/4) Lair:6        Slime (6/6) Lair:7          Orc (2/2) D:11
    Elf (3/3) Orc:2        Vaults (5/5) D:14          Crypt (3/3) Vaults:2
   Tomb (3/3) Crypt:3      Depths (5/5) D:15           Hell (1/1)
    Tar (7/7) Hell            Zot (0/5) Depths:5
 Temple: D:4-7          Dis: Hell:1         Geh: Hell:1         Coc: Hell:1

Altars:
Ashenzari
Cheibriados
Dithmenos
Elyvilon
Fedhas
Gozag
Kikubaaqudgha
Makhleb
Okawaru
Pakellas
Qazlal
Ru
Sif Muna
Trog
Vehumet
Xom
Yredelemnul
Zin
The Shining One
Beogh
Jiyva

Shops:
D:5 *=?[(   D:15 ?   Orc:1 =   Orc:2 :[%?   Vaults:1 }   Depths:1 *
Depths:3 **:[[(=

Portals:
Hell: Depths:1 Depths:2 Depths:3 Depths:4 Depths:5
Abyss: Depths:4
Pandemonium: Orc:2 Depths:3
Ziggurat: Depths:3
Trove: Depths:3 (give 9 potions of agility)


Innate Abilities, Weirdness & Mutations

You heal slowly.
You have razor-sharp teeth.
You have supernaturally acute eyesight.
You are clumsy. (Dex -2)
You are very weak. (Str -4)
You can survive without breathing.
You cannot read scrolls while threatened.
You are hated by all.
You cannot train Armour skill.
Your casting is slightly disrupted.
You are somewhat inexperienced (-2 XL).
You have a pair of small horns on your head.
You are partially covered in rough black scales (AC +4, Dex -1).
You are partially covered in thin metallic scales (AC +2).
Your body sometimes deteriorates upon taking damage.
Your flesh is heat resistant.
You are frail (-10% HP).


Message History

You throw a throwing net.
The throwing net barely misses the Tzitzimitl.
Throwing (i - inventory):
I - 2 throwing nets (quivered)
Press: ? - help, Shift-Dir - straight line, f/p - Tzitzimitl
Aim: a Tzitzimitl You throw a throwing net.
The throwing net closely misses the Tzitzimitl.
The Tzitzimitl calls on the powers of darkness!
Your body is wracked with pain!
You feel threatened and lose the ability to read scrolls!
* * * LOW HITPOINT WARNING * * *
You take 27 damage.
Throwing (i - inventory):
I - a throwing net (quivered)
Press: ? - help, Shift-Dir - straight line, f/p - Tzitzimitl
Aim: a Tzitzimitl You throw a throwing net.
The throwing net hits the Tzitzimitl.
The Tzitzimitl is caught in the net!
The Tzitzimitl gestures at you.
You convulse!
You die...

,*,*,,,+,**,,*,,*,**.#,*
,*,*,***,**,,*,,*,*#.#,*
,*,*,*,,,,,,**,**,*..*,*
,*,,,*,,,*+**,,*,,*.#*,*
+*,***,,,*,*,,**,##.#,,*
,,,*,,****,,,**,,#..#,**
****,,*,,,,***,,##.#*,*
*,,,***,****,,,##..#..*
**,,*,,,,,,,,###@.##.#**
.**,*,########)(1##..#,*
..#**,+.....)))###..#*,*
....####....####...##.,**
......................,,*
......................,,*
≈≈≈≈≈≈≈≈..............,,*
≈≈≈≈≈≈≈≈≈≈≈≈≈≈≈≈≈≈≈≈..,,*
≈≈≈≈≈≈≈≈≈≈≈≈≈≈≈≈≈≈≈≈≈≈≈≈*


You could see a Tzitzimitl (caught) and a friendly spectral quick blade of
flaming.

Vanquished Creatures
  Cerebov (Pan)
  the Royal Jelly (Slime:6)
  Gloorx Vloq (Pan)
  Lom Lobon (Pan)
  Khufu (Tomb:2)
  Mara (Depths:4)
  4 ancient liches
  A juggernaut (Depths:5)
  Mennas (Vaults:4)
  The ghost of feelmyfire the Invulnerable, a master MiFi of Okawaru (Tomb:1)
  31 greater mummies
  2 iron giants
  Boris (Tomb:1)
  Frederick (Vaults:3)
  A pandemonium lord (Pan)
  3 caustic shrikes (Depths:5)
  Saint Roka (Vaults:1)
  Geryon (Hell)
  4 golden dragons
  8 Tzitzimimeh
  4 bone dragons
  A profane servitor (Abyss:2)
  3 doom hounds
  Jorgrun (Vaults:1)
  4 Brimstone Fiends (Pan)
  3 Ice Fiends (Pan)
  3 hellephants
  8 tentacled monstrosities
  Rupert (D:14)
  6 liches
  A Hell Sentinel (Pan)
  2 deep elf master archers (Elf:3)
  15 Executioners (Pan)
  3 deep elf blademasters
  17 acid blobs
  A kraken (Shoals:3)
  8 titans
  4 quicksilver dragons
  12 sphinxes
  Kirke (Spider:4)
  Murray (Hell)
  The ghost of achirane the End of an Era, an adept DDFi of Qazlal (Depths:1)
  Polyphemus (Shoals:2)
  4 tentacled starspawn
  3 ancient champions
  10 revenants
  7 storm dragons
  8 tengu reavers
  5 shadow dragons
  5 azure jellies
  2 draconian monks (Depths:5)
  Ilsuiw (Shoals:4)
  16 fire giants
  19 frost giants
  Roxanne (Shoals:2)
  Aizul (Depths:2)
  Donald (D:14)
  A chaos champion (Pan)
  4 draconian zealots (Depths:5)
  An orc warlord (Elf:1)
  8 ghost moths
  7 deep elf sorcerers
  4 ghouls
  13 balrugs (Pan)
  3 draconian knights (Depths:5)
  12 emperor scorpions
  17 vault wardens
  3 draconian annihilators (Pan)
  12 ironheart preservers
  2 iron dragons
  5 spriggan defenders
  10 cacodemons (Pan)
  5 curse skulls
  5 deep elf elementalists
  3 war gargoyles
  22 very ugly things
  9 reapers
  9 deep elf annihilators
  2 blood saints (Pan)
  3 green draconians (Depths:5)
  7 vampire knights
  23 stone giants
  A caustic shrike skeleton (Crypt:3)
  3 black draconians (Depths:5)
  2 white draconians (Depths:5)
  A salamander stormcaller (Depths:5)
  3 corrupters (Pan)
  2 mottled draconians (Depths:5)
  10 deep elf demonologists
  6 bennus
  4 lorocyprocas (Pan)
  A yellow draconian (Depths:5)
  12 purple draconians
  3 red draconians (Depths:5)
  Azrael (Orc:2)
  A dire elephant (Lair:8)
  3 black suns (Pan)
  13 spark wasps
  4 eidola
  3 green deaths (Pan)
  8 statues (WizLab)
  20 ettins
  3 blizzard demons (Pan)
  16 jiangshi
  4 merfolk javelineers
  25 mummy priests
  10 vault guards
  11 deep elf death magi
  14 fire dragons
  6 merfolk impalers
  A quicksilver dragon zombie (Abyss:3)
  6 death oozes (Slime:6)
  9 great orbs of eyes
  A spectral kraken (Tar:7)
  4 deep elf high priests
  5 rakshasas
  12 entropy weavers
  17 yaktaur captains
  11 hydras
  A juggernaut simulacrum (Depths:2)
  5 ice dragons
  3 hell beasts
  Fannar (Lair:1)
  2 alligator snapping turtles (Shoals:3)
  A spriggan air mage (Depths:5)
  A caustic shrike simulacrum (Depths:5)
  A ghost crab (Tar:5)
  9 ogre magi
  Erica (D:8)
  2 quicksilver dragon skeletons
  5 centaur warriors
  2 catoblepae
  4 merfolk avatars
  8 merfolk aquamancers
  35 dancing weapons
  6 death knights
  6 deep troll shamans
  11 death yaks
  7 deep troll earth magi
  2 tengu warriors
  A hell hog (Hell)
  A satyr (Shoals:4)
  3 spriggan berserkers
  3 orc high priests (Orc:2)
  13 vampire magi
  A titan zombie (Tar:6)
  Urug (D:14)
  10 thrashing horrors
  3 shock serpents (Pan)
  7 shadow wraiths
  27 soul eaters
  23 deep elf knights
  8 hell knights
  A titan skeleton (Pan)
  29 sun demons
  11 wretched stars
  2 fire crabs
  A storm dragon zombie (Tar:6)
  65 skeletal warriors
  18 death scarabs
  A deep troll (shapeshifter) (Depths:1)
  23 deep trolls
  An infernal demonspawn (Pan)
  3 anaconda zombies
  2 ghost moth zombies
  A golden dragon zombie (Hell)
  7 sea snakes
  12 flayed ghosts
  A storm dragon skeleton (Pan)
  5 giant orange brains
  5 iron trolls
  11 shadow demons
  2 torturous demonspawn
  4 wizards
  17 deep elf archers
  3 gelid demonspawn
  A lindwurm (Lair:2)
  36 anubis guards
  26 orc knights
  The ghost of azaza322 the Blocker, a novice GrFi (D:6)
  8 unseen horrors
  A lindwurm (shapeshifter) (Abyss:3)
  2 putrid demonspawn (Pan)
  2 shadow dragon zombies
  21 ironbrand convokers
  A wolf spider zombie (D:14)
  23 orb spiders
  An anaconda skeleton (Tar:3)
  10 necromancers
  25 large abominations
  A swamp dragon (shapeshifter) (Elf:2)
  15 harpies
  An iron dragon zombie (Depths:2)
  2 hill giants
  2 shadow dragon skeletons
  5 shining eyes
  8 hornets
  13 phantasmal warriors
  5 worldbinders
  A stone giant zombie (Vaults:2)
  43 wolf spiders
  36 ugly things
  A shining eye (shapeshifter) (Vaults:4)
  7 fauns
  20 griffons
  86 deep elf magi
  2 frost giant zombies
  2 moths of wrath (Spider:4)
  2 cyclopes (shapeshifter)
  A salamander (Depths:1)
  8 manticores
  11 orc sorcerers
  17 elephants
  An iron dragon skeleton (Pan)
  5 stone giant skeletons
  13 cyclopes
  An apis skeleton (Crypt:1)
  8 sixfirhies
  A human skeleton (Vaults:4)
  14 sirens
  3 frost giant skeletons
  A guardian serpent (shapeshifter) (D:15)
  10 rust devils
  Maurice (Orc:2)
  An octopode (shapeshifter) (Elf:2)
  2 fire giant skeletons
  24 smoke demons
  16 vault sentinels
  7 water nymphs
  A shock serpent zombie (Crypt:1)
  A torpor snail (Spider:3)
  12 orange demons
  16 spiny frogs
  3 guardian serpents
  6 hellions
  2 apocalypse crabs (Abyss:3)
  4 eyes of devastation
  8 black mambas
  An ice statue (Depths:5)
  2 storm dragon simulacra
  A titan simulacrum (Depths:5)
  9 efreet
  5 centaur skeletons
  A gargoyle (D:13)
  9 spectral swamp worms
  An elf skeleton (Depths:4)
  2 rime drakes (Lair:8)
  An emperor scorpion zombie (Crypt:3)
  3 kobold demonologists (Vaults:3)
  12 demonic crawlers
  9 komodo dragons
  A grey draconian zombie (Crypt:2)
  22 freezing wraiths
  A komodo dragon (shapeshifter) (Vaults:2)
  12 ice devils
  5 ancient zymes
  5 tormentors
  2 tengu conjurers
  13 hellwings (Pan)
  65 guardian mummies
  45 jumping spiders
  6 trolls
  A hydra zombie (Tar:7)
  A merfolk (shapeshifter) (Abyss:3)
  15 red devils
  20 yaktaurs
  An iron troll skeleton (Crypt:2)
  33 merfolk
  4 giant leeches (Spider:2)
  A giant leech (shapeshifter) (Abyss:3)
  A queen bee (Abyss:3)
  A shadow dragon simulacrum (Depths:5)
  3 polar bears
  A jumping spider (shapeshifter) (Vaults:3)
  3 polar bears (shapeshifter)
  A death drake skeleton (Crypt:3)
  5 wind drakes
  7 bog bodies
  2 two-headed ogres (shapeshifter)
  A blink frog (shapeshifter) (Depths:2)
  21 ushabtiu
  13 two-headed ogres
  A tengu simulacrum (Depths:5)
  A wolf spider simulacrum (Tar:6)
  11 boulder beetles
  2 raiju (shapeshifter)
  10 raiju
  2 snapping turtles (shapeshifter)
  87 slime creatures
  17 blink frogs
  A hydra skeleton (Tomb:2)
  19 starcursed masses
  11 snapping turtles
  2 ice dragon skeletons
  2 air elementals
  An alligator zombie (Tar:6)
  51 flying skulls
  A black mamba zombie (Crypt:1)
  6 spriggans
  2 fire dragon skeletons
  A wyvern (shapeshifter) (Abyss:3)
  A satyr skeleton (Crypt:2)
  2 ettin skeletons
  A vampire (D:15)
  11 ynoxinuls
  11 shadows
  5 hogs (Spider:4)
  80 redbacks
  3 fire bats (Depths:2)
  21 water elementals
  11 fire elementals
  28 yaks
  28 tarantellas
  13 humans
  A black mamba skeleton (Tomb:1)
  16 chaos spawn
  11 wraiths
  3 wyverns
  13 hippogriffs
  A human (shapeshifter) (Depths:4)
  3 basilisks
  5 golden eyes
  5 hungry ghosts
  16 neqoxecs
  23 vampire mosquitoes
  A yaktaur simulacrum (Vaults:3)
  4 wargs
  2 mottled dragons
  A soldier ant (shapeshifter) (Vaults:2)
  8 swamp worms (Lair:7)
  24 hell hounds
  3 human zombies
  13 water moccasins
  2 giant eyeballs
  A hell hound (shapeshifter) (Vaults:5)
  A water moccasin (shapeshifter) (Abyss:3)
  A gelid demonspawn skeleton (Crypt:1)
  A sky beast (shapeshifter) (Abyss:3)
  9 porcupines
  4 ice beasts
  An ettin simulacrum (Tomb:1)
  5 eyes of draining
  53 orc warriors
  A snapping turtle zombie (Hell)
  A spiny frog skeleton (Pan)
  4 sky beasts
  2 black bears (Lair:8)
  A swamp dragon zombie (Crypt:2)
  10 wasps
  2 ogres (shapeshifter)
  A swamp drake (shapeshifter) (Abyss:3)
  An eye of draining (shapeshifter) (Abyss:3)
  9 necrophages
  47 ogres
  6 phantoms
  14 wolves
  3 boggarts (D:15)
  A manticore skeleton (Tar:6)
  26 small abominations
  11 crocodiles
  9 centaurs
  The ghost of azaza322 the Shield-Bearer, an amateur GrFi (D:3)
  A centaur (shapeshifter) (Abyss:3)
  A big kobold (shapeshifter) (Depths:5)
  A rime drake skeleton (Crypt:3)
  3 big kobolds
  17 giant frogs
  A human simulacrum (Depths:2)
  3 earth elementals
  A glowing shapeshifter simulacrum (Depths:4)
  A dryad skeleton (Crypt:1)
  A hell hound zombie (Crypt:2)
  A komodo dragon skeleton (Crypt:1)
  A wyvern zombie (Crypt:2)
  A queen bee zombie (Crypt:3)
  A scorpion (shapeshifter) (Abyss:3)
  5 scorpions
  A shapeshifter zombie (Crypt:3)
  22 killer bees
  12 wights
  A killer bee (shapeshifter) (Abyss:3)
  A vampire bat (Lair:8)
  8 howler monkeys
  5 electric eels
  A wasp zombie (D:7)
  10 crimson imps
  5 centaur zombies
  4 quasits
  32 orc priests
  A hound (shapeshifter) (Abyss:3)
  8 hounds
  Crazy Yiuf (D:5)
  34 jellies
  A gnoll shaman (D:7)
  A giant frog skeleton (D:10)
  8 iguanas
  2 iron imps
  6 hell rats (Hell)
  18 orc wizards
  10 worker ants
  4 sheep (Vaults:2)
  A naga zombie (Crypt:3)
  A sky beast zombie (Crypt:2)
  An ogre skeleton (Hell)
  70 mummies
  A worker ant zombie (D:10)
  2 gnolls (shapeshifter) (Abyss:3)
  A howler monkey skeleton (Crypt:1)
  16 gnolls
  104 river rats
  A scorpion zombie (Crypt:3)
  11 adders
  2 river rats (shapeshifter) (Abyss:3)
  10 shadow imps
  A lava snake zombie (Crypt:2)
  9 oozes (Lair:4)
  4 adder skeletons
  A sheep skeleton (Crypt:1)
  13 worms
  A worm (shapeshifter) (Abyss:3)
  A dart slug (shapeshifter) (Abyss:3)
  A dart slug (D:1)
  5 giant geckos
  An orc (shapeshifter) (Abyss:3)
  104 orcs
  2 ball pythons (shapeshifter) (Abyss:3)
  3 giant cockroaches
  A goblin (shapeshifter) (Abyss:3)
  4 hobgoblins
  13 jackals
  A kobold (shapeshifter) (Abyss:3)
  23 kobolds
  3 quokkas
  2 quokkas (shapeshifter) (Abyss:3)
  A ball python (D:3)
  13 bats
  9 giant newts
  2 gnoll zombies (D:3)
  9 goblins
  A quokka skeleton (D:8)
  10 rats
  A rat skeleton (Crypt:1)
  A fulminant prism (Depths:5)
  A lost soul (Crypt:2)
  5 plants
  3 spectral weapons (Pan)
  A starspawn tentacle (Abyss:2)
  2 tentacles
  5 withered plants (Crypt:3)
3648 creatures vanquished.

Vanquished Creatures (collateral kills)
  2 tengu reavers (Vaults:5)
  A storm dragon (Vaults:5)
  2 vault wardens (Vaults:5)
  A deep elf elementalist (Vaults:5)
  A stone giant (Vaults:5)
  18 vault guards (Vaults:5)
  An ettin (Vaults:5)
  A yaktaur captain (Vaults:5)
  An anaconda (shapeshifter) (Vaults:5)
  A phantasmal warrior (Vaults:5)
  An orc knight (Bailey)
  An ironbrand convoker (Vaults:5)
  An orc sorcerer (Orc:2)
  A hornet (shapeshifter) (Vaults:5)
  A torpor snail (shapeshifter) (Vaults:5)
  Joseph (D:8)
  A yaktaur (Vaults:5)
  A merfolk (shapeshifter) (Vaults:5)
  An orc warrior (Bailey)
  A kobold (Bailey)
39 creatures vanquished.

Vanquished Creatures (others)
  A greater mummy (Tomb:1)
  A doom hound (Tar:5)
  A fire giant (Vaults:4)
  A balrug (Pan)
  A ghost moth (Spider:4)
  A reaper (Depths:3)
  A draconian annihilator (Depths:5)
  2 deep elf annihilators
  A merfolk javelineer (Shoals:4)
  A statue (WizLab)
  A satyr (Shoals:2)
  A dancing weapon (Elf:2)
  A vampire mage (Crypt:3)
  An orc high priest (Orc:2)
  3 deep elf knights
  A soul eater (Pan)
  2 sun demons
  A wretched star (Abyss:3)
  2 skeletal warriors
  A storm dragon skeleton (Tomb:2)
  44 death scarabs
  2 deep trolls
  An unseen horror (shapeshifter) (D:15)
  A large abomination (Abyss:3)
  2 orc knights
  An anaconda skeleton (Tomb:2)
  A stone giant zombie (Tomb:2)
  5 deep elf magi
  A wolf spider zombie (Tomb:2)
  A faun (Shoals:2)
  An ugly thing (Vaults:4)
  2 manticores (Shoals:4)
  A siren (Shoals:4)
  A vault sentinel (Vaults:4)
  A smoke demon (Pan)
  A demonic crawler (Spider:3)
  3 yaktaurs
  A hellwing (Pan)
  2 guardian mummies
  2 two-headed ogres
  A redback (Spider:2)
  A flying skull (Tomb:3)
  A shadow (Depths:5)
  A fire elemental (Hell)
  A wyvern (shapeshifter) (Abyss:3)
  3 humans (D:14)
  4 chaos spawn
  A hungry ghost (Abyss:3)
  A warg (Vaults:1)
  A hell hound (Depths:5)
  2 orc warriors
  An ogre (D:14)
  A centaur (Shoals:2)
  2 orc wizards
  A worker ant (D:14)
  A mummy (Tomb:2)
  An ufetubus (Abyss:3)
  A worm (Lair:6)
  3 orcs
  A giant cockroach (Lair:6)
  18 fulminant prisms
  23 fungi
  4 lost souls
  A lurking horror (Abyss:3)
  30 plants
  42 spectral weapons
  9 starspawn tentacles
  118 starspawn tentacle segments
  30 tentacles
  689 tentacle segments
1092 creatures vanquished.

Grand Total: 4779 creatures vanquished

Notes
Turn   | Place    | Note
--------------------------------------------------------------
     0 | D:1      | xeno23 the Vampire Enchanter began the quest for the Orb.
     0 | D:1      | Reached XP level 1. HP: 13/13 MP: 3/3
   143 | D:1      | Reached XP level 2. HP: 16/20 MP: 5/5
   151 | D:1      | Learned a level 2 spell: Ensorcelled Hibernation
   623 | D:2      | Reached XP level 3. HP: 25/25 MP: 6/6
   706 | D:2      | Learned a level 3 spell: Dazzling Spray
   719 | D:2      | Found a glowing silver altar of Zin.
   720 | D:2      | Noticed an angel
   722 | D:2      | Found a shimmering altar of Xom.
   877 | D:2      | Reached XP level 4. HP: 31/31 MP: 4/7
   892 | D:2      | Found an opulent altar of Gozag.
  1000 | D:2      | Found a deep blue altar of Sif Muna.
  1001 | D:2      | Found an oddly glowing altar of Pakellas.
  1107 | D:3      | Noticed azaza322's ghost (amateur GrFi)
  1311 | D:3      | Reached skill level 5 in Hexes
  1339 | D:3      | Reached skill level 5 in Stealth
  1348 | D:3      | Reached skill level 1 in Fighting
  1782 | D:3      | Found a blossoming altar of Fedhas.
  1850 | D:3      | Found a sacrificial altar of Ru.
  1887 | D:3      | Became a worshipper of Ru the Awakened
  1912 | D:3      | Found an iron altar of Okawaru.
  1912 | D:3      | Found a bloodstained altar of Trog.
  2044 | D:3      | Found a basalt altar of Yredelemnul.
  2214 | D:4      | Reached XP level 5. HP: 35/37 MP: 8/8
  2238 | D:4      | Learned a level 3 spell: Confuse
  2338 | D:3      | Killed azaza322's ghost
  2429 | D:4      | Reached XP level 6. HP: 27/43 MP: 1/10
  2533 | D:4      | Reached skill level 6 in Stealth
  2547 | D:4      | Found an ancient bone altar of Kikubaaqudgha.
  2767 | D:4      | Found a radiant altar of Vehumet.
  2768 | D:4      | Found a burning altar of Makhleb.
  2788 | D:4      | Reached XP level 7. HP: 49/49 MP: 7/11
  2988 | D:5      | Entered Level 5 of the Dungeon
  3085 | D:5      | Found Ykuod's Armour Shoppe.
  3093 | D:5      | Bought a +1 robe of fire resistance for 139 gold pieces
  3117 | D:5      | Noticed Crazy Yiuf
  3127 | D:5      | Killed Crazy Yiuf
  3128 | D:5      | Gained mutation: You cannot read scrolls while threatened. [Ru sacrifice]
  3128 | D:5      | Reached * piety under Ru
  3253 | D:5      | Found Qisoaruck's Magic Scroll Shoppe.
  3261 | D:5      | Bought a scroll of random uselessness for 10 gold pieces
  3261 | D:5      | Bought a scroll of noise for 10 gold pieces
  3305 | D:5      | Found Plog's Weapon Emporium.
  3319 | D:5      | Reached skill level 7 in Stealth
  3337 | D:5      | Reached skill level 5 in Short Blades
  3337 | D:5      | Reached XP level 8. HP: 40/57 MP: 3/13
  3459 | D:5      | Found Mireho Tipn's Assorted Antiques.
  3464 | D:5      | Found Voihowu's Jewellery Emporium.
  3479 | D:5      | Bought a scroll labeled XIHUCI VAMNEA for 32 gold pieces
  3626 | D:5      | Learned a level 3 spell: Tukima's Dance
  3797 | D:6      | Noticed azaza322's ghost (novice GrFi)
  4185 | D:6      | Found a white marble altar of Elyvilon.
  4386 | D:6      | Killed azaza322's ghost
  4404 | D:7      | Reached skill level 8 in Stealth
  4408 | D:7      | Reached skill level 5 in Dodging
  4408 | D:7      | Reached XP level 9. HP: 57/64 MP: 4/15
  4855 | D:7      | Reached skill level 10 in Hexes
  5097 | D:7      | Found a glowing golden altar of the Shining One.
  5106 | D:7      | Found a stormy altar of Qazlal.
  5116 | D:7      | Gained mutation: You cannot train Armour skill. [Ru sacrifice]
  5116 | D:7      | Reached ** piety under Ru
  5306 | D:8      | Reached skill level 9 in Stealth
  5502 | D:8      | Noticed Erica
  5514 | D:8      | Killed Erica
  5514 | D:8      | Reached skill level 5 in Spellcasting
  5514 | D:8      | Reached XP level 10. HP: 41/73 MP: 13/17
  5575 | D:8      | Noticed Joseph
  5603 | D:8      | Killed Joseph
  5951 | D:8      | Found a shadowy altar of Dithmenos.
  6261 | D:9      | Learned a level 1 spell: Apportation
  6268 | D:9      | Learned a level 6 spell: Invisibility
  6322 | D:9      | Found a roughly hewn altar of Beogh.
  6800 | D:10     | Entered Level 10 of the Dungeon
  6807 | D:10     | Identified a scroll of acquirement
  6808 | D:10     | Got a bone quick blade
  6809 | D:10     | Identified the +1 quick blade "Vyfusiuwk" {flame, +Inv} (You acquired it on level 10 of the Dungeon)
  6903 | D:10     | Found a flagged portal.
  6973 | Bailey   | Entered a bailey
  7124 | Bailey   | Noticed an orc knight
  7138 | Bailey   | Found a bloodstained altar of Trog.
  7187 | Bailey   | Killed an orc knight
  7187 | Bailey   | Reached skill level 5 in Fighting
  7605 | D:10     | Gained mutation: You are hated by all. [Ru sacrifice]
  7605 | D:10     | Reached *** piety under Ru
  7831 | D:10     | Found a staircase to the Lair.
  7870 | D:10     | Reached skill level 10 in Stealth
  8170 | D:10     | Gained mutation: Your flesh is heat resistant. [potion of beneficial mutation]
  9109 | D:10     | HP: 1/74 [electric eel/bolt of electricity (5)]
  9128 | D:10     | Got a crude chain mail
  9139 | D:10     | Identified the cursed +0 chain mail "Fiok" {+Inv rElec Regen+ Stlth-} (You found it on level 10 of the Dungeon)
  9625 | Lair:1   | Entered Level 1 of the Lair of Beasts
  9626 | Lair:1   | Upgraded the game from 0.18-a0-1702-gd20c6a5 to 0.18-a0-1718-g40ea4b6
  9645 | Lair:1   | Noticed a spiny frog
  9651 | Lair:1   | Noticed a spiny frog
  9675 | Lair:1   | Killed a spiny frog
  9675 | Lair:1   | Reached XP level 11. HP: 41/80 MP: 12/19
  9760 | Lair:1   | Noticed an ice dragon
  9785 | Lair:1   | Killed an ice dragon
  9790 | Lair:1   | Noticed an eight-headed hydra
  9895 | Lair:1   | Killed an eight-headed hydra
 10111 | Lair:1   | Noticed Fannar
 10127 | Lair:1   | Killed Fannar
 10127 | Lair:1   | Reached skill level 10 in Short Blades
 10243 | Lair:1   | Reached skill level 11 in Stealth
 10399 | Lair:1   | Learned a level 3 spell: Regeneration
 10532 | Lair:1   | Gained mutation: You are somewhat inexperienced (-2 XL). [Ru sacrifice]
 10532 | Lair:1   | Reached XP level 10. HP: 70/76 MP: 18/19
 10532 | Lair:1   | Reached XP level 9. HP: 69/69 MP: 18/18
 10532 | Lair:1   | Reached **** piety under Ru
 10532 | Lair:1   | Reached ***** piety under Ru
 10854 | Lair:2   | Got a crystal rapier
 10855 | Lair:2   | Identified the +3 rapier of the Harvest {drain, +Fly Int+8 Dex-5} (You acquired it on level 2 of the Lair of Beasts)
 10937 | Lair:2   | Noticed a komodo dragon
 10944 | Lair:2   | Killed a komodo dragon
 11114 | Lair:2   | Noticed a lindwurm
 11132 | Lair:2   | Killed a lindwurm
 11132 | Lair:2   | Reached skill level 1 in Charms
 11132 | Lair:2   | Reached XP level 10. HP: 76/76 MP: 16/19
 11204 | Lair:2   | Noticed a black mamba
 11211 | Lair:2   | Killed a black mamba
 11211 | Lair:2   | Reached skill level 1 in Conjurations
 11244 | Lair:2   | Reached skill level 1 in Necromancy
 11469 | Lair:2   | Noticed a spiny frog
 11476 | Lair:2   | Killed a spiny frog
 11793 | Lair:3   | Noticed an eight-headed hydra
 11823 | Lair:3   | Killed an eight-headed hydra
 11938 | Lair:3   | Noticed a black mamba
 11967 | Lair:3   | Killed a black mamba
 11998 | Lair:3   | Noticed a spiny frog
 12004 | Lair:3   | Killed a spiny frog
 12109 | Lair:3   | Noticed a griffon
 12120 | Lair:3   | Killed a griffon
 12269 | Lair:3   | Gained mutation: Your casting is slightly disrupted. [Ru sacrifice]
 12346 | Lair:3   | Found a blossoming altar of Fedhas.
 12369 | Lair:3   | Noticed a spiny frog
 12373 | Lair:3   | Killed a spiny frog
 12373 | Lair:3   | Reached XP level 11. HP: 83/83 MP: 21/21
 12599 | Lair:3   | Found a staircase to the Shoals.
 12918 | Lair:4   | Reached skill level 12 in Stealth
 12998 | Lair:4   | Noticed a four-headed hydra
 13020 | Lair:4   | Killed a four-headed hydra
 13022 | Lair:4   | Noticed a seven-headed hydra
 13161 | Lair:4   | Killed a seven-headed hydra
 13845 | Lair:4   | Reached XP level 12. HP: 52/89 MP: 16/22
 14031 | Lair:4   | Learned a level 3 spell: Spectral Weapon
 14178 | Lair:5   | Noticed a death yak
 14180 | Lair:5   | Noticed a death yak
 14184 | Lair:5   | Noticed a death yak
 14216 | Lair:5   | Killed a death yak
 14224 | Lair:5   | Killed a death yak
 14229 | Lair:5   | Killed a death yak
 14229 | Lair:5   | Reached skill level 15 in Hexes
 14494 | Lair:5   | Gained mutation: You are clumsy. (Dex -2) [Ru sacrifice]
 14947 | Lair:6   | Noticed an eight-headed hydra
 15143 | Lair:6   | Noticed an eight-headed hydra
 15148 | Lair:6   | Killed an eight-headed hydra
 15293 | Lair:6   | Found a hole to the Spider Nest.
 15379 | Lair:6   | Noticed a seven-headed hydra
 15381 | Lair:6   | Killed an eight-headed hydra
 15388 | Lair:6   | Killed a seven-headed hydra
 15388 | Lair:6   | Reached skill level 13 in Stealth
 15388 | Lair:6   | Reached skill level 5 in Necromancy
 15388 | Lair:6   | Reached XP level 13. HP: 88/96 MP: 22/24
 15462 | Lair:6   | Reached skill level 5 in Charms
 15981 | Lair:7   | Gained mutation: You are weak. (Str -2) [Ru sacrifice]
 15981 | Lair:7   | Reached ****** piety under Ru
 16254 | Lair:7   | Found a staircase to the Slime Pits.
 16662 | Lair:8   | Entered Level 8 of the Lair of Beasts
 17087 | Lair:8   | Noticed a dire elephant
 17095 | Lair:8   | Killed a dire elephant
 18031 | D:11     | Reached XP level 14. HP: 100/105 MP: 26/26
 18282 | D:11     | Found a staircase to the Orcish Mines.
 18801 | D:12     | Learned a level 4 spell: Cause Fear
 19472 | Orc:1    | Entered Level 1 of the Orcish Mines
 19616 | Orc:2    | Entered Level 2 of the Orcish Mines
 19774 | Orc:2    | Noticed Maurice
 19783 | Orc:2    | Found Ethraenk's Magic Scroll Emporium.
 19786 | Orc:2    | Found Ifatan's Food Shoppe.
 19837 | Orc:2    | Reached skill level 1 in Translocations
 19881 | Orc:2    | Killed Maurice
 19988 | Orc:2    | Bought a scroll of blinking for 112 gold pieces
 19988 | Orc:2    | Bought a scroll of fear for 52 gold pieces
 19988 | Orc:2    | Bought a scroll of magic mapping for 52 gold pieces
 19988 | Orc:2    | Bought a scroll of enchant armour for 112 gold pieces
 19988 | Orc:2    | Bought a scroll of identify for 30 gold pieces
 19988 | Orc:2    | Bought a scroll of identify for 30 gold pieces
 19998 | Orc:2    | Noticed Azrael
 20311 | Orc:1    | Found a roughly hewn altar of Beogh.
 20361 | Orc:1    | Found Nyqiukk's Jewellery Shoppe.
 20370 | Orc:1    | Bought the ring of Iguxzisch {MR+ Int+4 Stlth-} for 342 gold pieces
 20580 | Orc:2    | Found a staircase to the Elven Halls.
 20924 | Orc:2    | Found a bloodstained altar of Trog.
 21075 | Orc:2    | Killed Azrael
 21075 | Orc:2    | Reached skill level 10 in Dodging
 21314 | Orc:2    | Reached skill level 14 in Stealth
 21714 | Orc:2    | Found Giroh Dasm's Antique Armour Boutique.
 21714 | Orc:2    | Found a one-way gate leading to the halls of Pandemonium.
 21714 | Orc:2    | Found Yfoiffof's Book Shop.
 21877 | Orc:2    | Bought a pair of runed boots for 171 gold pieces
 21884 | Orc:2    | Bought a runed cloak for 171 gold pieces
 21884 | Orc:2    | Bought a runed hat for 152 gold pieces
 21909 | Orc:2    | Bought a book of Enchantments for 650 gold pieces
 22918 | D:14     | Found a gate to the Vaults.
 22918 | D:14     | Noticed Rupert
 22918 | D:14     | Noticed Donald
 22920 | D:14     | Noticed Urug
 23004 | D:14     | Killed Urug
 23339 | D:14     | Killed Donald
 23373 | D:14     | Reached XP level 15. HP: 86/112 MP: 15/27
 23863 | D:15     | Entered Level 15 of the Dungeon
 24178 | D:14     | Killed Rupert
 24518 | D:15     | Found a shimmering altar of Xom.
 24544 | D:15     | Found Zovveu's Magic Scroll Shoppe.
 24552 | D:15     | Bought a scroll of fog for 32 gold pieces
 24552 | D:15     | Bought a scroll of blinking for 120 gold pieces
 24552 | D:15     | Bought a scroll of fog for 32 gold pieces
 24552 | D:15     | Bought a scroll of teleportation for 48 gold pieces
 24552 | D:15     | Bought a scroll of enchant armour for 120 gold pieces
 24552 | D:15     | Bought a scroll of teleportation for 48 gold pieces
 24552 | D:15     | Bought a scroll of identify for 32 gold pieces
 24552 | D:15     | Bought a scroll of identify for 32 gold pieces
 24951 | D:15     | Found a staircase to the Depths.
 25117 | D:15     | Found a shattered altar of Ashenzari.
 25433 | D:15     | Got a smoking crystal amulet
 25813 | Lair:1   | Identified the amulet of Neitireh {Faith rPois MR+} (You took it off a human on level 15 of the Dungeon)
 25927 | Spider:1 | Entered Level 1 of the Spider Nest
 25995 | Spider:1 | Noticed a ghost moth
 26016 | Spider:1 | Reached skill level 15 in Stealth
 26148 | Spider:1 | Killed a ghost moth
 26738 | Spider:1 | Reached skill level 1 in Shields
 26867 | Spider:2 | Reached skill level 10 in Fighting
 27288 | Spider:2 | Reached XP level 16. HP: 113/122 MP: 20/29
 27713 | Spider:2 | Gained mutation: Your spells are a little easier to cast, but a little less powerful. [mutagenic glow]
 28552 | Spider:3 | Reached skill level 15 in Short Blades
 29615 | Spider:3 | Identified a +0 rod of ignition (11/11) (You found it on level 3 of the Spider Nest)
 29817 | Spider:4 | Entered Level 4 of the Spider Nest
 29990 | Spider:4 | Noticed Kirke
 30241 | Spider:4 | Killed Kirke
 30241 | Spider:4 | Reached XP level 17. HP: 82/131 MP: 9/30
 30320 | Spider:4 | Reached skill level 16 in Stealth
 30846 | Spider:4 | Reached skill level 10 in Spellcasting
 31003 | Spider:4 | Reached skill level 10 in Charms
 31171 | Spider:4 | Got a gossamer rune of Zot
 31519 | Shoals:1 | Entered Level 1 of the Shoals
 31527 | Shoals:1 | Learned a level 6 spell: Deflect Missiles
 31607 | Shoals:1 | Reached skill level 1 in Air Magic
 32335 | Shoals:2 | Noticed Roxanne
 32335 | Shoals:2 | Noticed Polyphemus
 32338 | Shoals:2 | Reached skill level 5 in Air Magic
 32446 | Shoals:2 | Killed Polyphemus
 32686 | Shoals:2 | Killed Roxanne
 32991 | Shoals:2 | Found a runed door.
 33154 | Shoals:2 | Got a wavering copper ring
 33160 | Shoals:2 | Identified the ring "Ciurch Torr" {rPois AC+1 Str+3} (You found it on level 2 of the Shoals)
 33601 | Shoals:3 | Reached XP level 18. HP: 102/140 MP: 13/32
 34667 | Shoals:4 | Entered Level 4 of the Shoals
 34729 | Shoals:4 | Reached skill level 17 in Stealth
 34851 | Shoals:4 | Got a barnacled rune of Zot
 35193 | Shoals:4 | Got a bound copper ring
 35251 | Shoals:4 | Identified the ring "Iblamude" {rCorr rPois Dex+2} (You found it on level 4 of the Shoals)
 35709 | Shoals:4 | Noticed Ilsuiw
 35726 | Shoals:4 | Killed Ilsuiw
 35784 | Shoals:4 | Gained mutation: You are partially covered in rough black scales (AC +4, Dex -1). [potion of mutation]
 35784 | Shoals:4 | Gained mutation: You possess an exceptional clarity of mind. [potion of mutation]
 35784 | Shoals:4 | Gained mutation: Potions and wands are less effective at restoring your health. [potion of mutation]
 36067 | Lair:1   | Learned a level 4 spell: Fulminant Prism
 36243 | D:5      | Bought a potion of beneficial mutation for 1120 gold pieces
 36243 | D:5      | Bought a scroll of teleportation for 96 gold pieces
 36272 | D:5      | Bought a scroll of enchant armour for 75 gold pieces
 36272 | D:5      | Bought a scroll of recharging for 95 gold pieces
 36272 | D:5      | Bought a scroll of enchant armour for 75 gold pieces
 36272 | D:5      | Lost mutation: Your spells are a little easier to cast, but a little less powerful. [potion of beneficial mutation]
 36506 | Vaults:1 | Entered Level 1 of the Vaults
 36822 | Vaults:1 | Found Dirien's Gadget Shoppe.
 37271 | Vaults:1 | Noticed Saint Roka
 37297 | Vaults:1 | Killed Saint Roka
 37297 | Vaults:1 | Reached XP level 19. HP: 74/148 MP: 24/34
 37436 | Vaults:1 | Noticed Jorgrun
 37504 | Vaults:1 | Killed Jorgrun
 37918 | Vaults:1 | Reached skill level 18 in Stealth
 38154 | Elf:1    | Entered Level 1 of the Elven Halls
 38238 | Elf:1    | Found a roughly hewn altar of Beogh.
 39254 | Elf:2    | Found a radiant altar of Vehumet.
 39422 | Elf:2    | Found a runed gate.
 39422 | Elf:2    | Found a runed gate.
 39422 | Elf:2    | Found a runed gate.
 40124 | Elf:2    | Reached XP level 20. HP: 122/157 MP: 36/36
 40426 | Elf:3    | Entered Level 3 of the Elven Halls
 40434 | Elf:3    | Found a magical portal.
 40449 | WizLab   | Entered Iskenderun's Mystic Tower
 40823 | WizLab   | Reached skill level 19 in Stealth
 41072 | WizLab   | Identified Iskenderun's Tome of Battle Magic
 41072 | WizLab   | Identified Iskenderun's Tome of Conjuration
 41307 | Elf:3    | Learned a level 5 spell: Silence
 41684 | Elf:3    | Found a deep blue altar of Sif Muna.
 42279 | Elf:3    | Gained mutation: You occasionally shout uncontrollably at your foes. [mutagenic glow]
 42362 | Elf:3    | Got an ichor-stained dagger
 42363 | Elf:3    | Identified the +2 dagger "Kostouv" {pierce, +Rage Str+4 Dex+3} (You found it on level 3 of the Elven Halls)
 42433 | Elf:3    | Got a fine glass ring
 42436 | Elf:3    | Identified the ring of Uffalo {Ice Int+2} (You found it on level 3 of the Elven Halls)
 42956 | Depths:1 | Entered Level 1 of the Depths
 42956 | Depths:1 | Noticed achirane's ghost (adept DDFi)
 42970 | Depths:1 | Killed achirane's ghost
 43013 | Depths:1 | Reached skill level 5 in Shields
 43158 | Depths:1 | Reached XP level 21. HP: 154/165 MP: 30/37
 43387 | Depths:1 | Found Uvvass's Assorted Antiques.
 43495 | Depths:1 | Bought a scroll of amnesia for 98 gold pieces
 43495 | Depths:1 | Bought a scroll of teleportation for 84 gold pieces
 43495 | Depths:1 | Bought a potion of cancellation for 224 gold pieces
 43495 | Depths:1 | Bought a scroll of enchant armour for 210 gold pieces
 43735 | Depths:1 | Found a gateway to Hell.
 44231 | Depths:2 | Lost mutation: You possess an exceptional clarity of mind. [potion of cure mutation]
 44231 | Depths:2 | Lost mutation: You occasionally shout uncontrollably at your foes. [potion of cure mutation]
 44231 | Depths:2 | Lost mutation: Your flesh is heat resistant. [potion of cure mutation]
 44381 | Depths:2 | Found a runed door.
 44473 | Depths:2 | Noticed a golden dragon
 44474 | Depths:2 | Killed a golden dragon
 44594 | Depths:2 | Reached skill level 10 in Shields
 44879 | Depths:2 | Noticed Aizul
 44902 | Depths:2 | Killed Aizul
 45225 | Depths:3 | Found Fots's Assorted Antiques.
 45284 | Depths:3 | Found Gozag's Assorted Antiques.
 45395 | Depths:3 | Found a portal to a secret trove of treasure.
 45441 | Depths:3 | Found Xocaj's Antique Weapon Boutique.
 45592 | D:15     | Bought a scroll of brand weapon for 320 gold pieces
 45718 | Orc:2    | Bought a scroll of brand weapon for 300 gold pieces
 45719 | Orc:2    | Bought a scroll of brand weapon for 300 gold pieces
 45832 | Lair:1   | Lost mutation: Potions and wands are less effective at restoring your health. [potion of cure mutation]
 45832 | Lair:1   | Lost mutation: You are partially covered in rough black scales (AC +4, Dex -1). [potion of cure mutation]
 45861 | Lair:1   | Learned a level 6 spell: Haste
 46046 | Slime:1  | Entered Level 1 of the Pits of Slime
 46243 | Slime:4  | Gained mutation: You are very weak. (Str -4) [mutagenic glow]
 46549 | Slime:6  | Entered Level 6 of the Pits of Slime
 46607 | Slime:6  | Found a viscous altar of Jiyva.
 46620 | Slime:6  | Noticed the Royal Jelly
 46637 | Slime:6  | Killed the Royal Jelly
 46702 | Slime:6  | Reached XP level 22. HP: 81/172 MP: 6/38
 48015 | Slime:6  | Gained mutation: Your flesh is heat resistant. [mutagenic glow]
 48506 | Slime:6  | Got a slimy rune of Zot
 48533 | Slime:6  | Got a flickering turquoise ring
 48545 | Slime:6  | Identified the ring of Digeor {*Corrode rElec rC+++ EV+3 Dex+4} (You found it on level 6 of the Pits of Slime)
 48631 | Slime:6  | Identified a +6 rod of shadows (12/12) (You found it on level 6 of the Pits of Slime)
 48908 | Lair:1   | Upgraded the game from 0.18-a0-1718-g40ea4b6 to 0.18-a0-1721-gc4d1f22
 49265 | Depths:3 | Found Santiyxo's Jewellery Shoppe.
 49276 | Depths:3 | Found a gateway to a ziggurat.
 49399 | Depths:3 | Found Gozag's Antique Armour Shoppe.
 49401 | Depths:3 | Found Xoikhlupo's Book Shop.
 49605 | Depths:3 | Noticed a golden dragon
 49608 | Depths:3 | Found an opulent altar of Gozag.
 49698 | Depths:3 | Found Gozag's Antique Armour Emporium.
 49763 | Depths:3 | Killed a golden dragon
 50389 | Depths:4 | Found a runed gate.
 50389 | Depths:4 | Found a runed gate.
 50389 | Depths:4 | Found a runed gate.
 50392 | Depths:4 | Reached skill level 15 in Shields
 50946 | Depths:4 | Noticed Mara
 50962 | Depths:4 | Killed Mara
 51038 | Depths:4 | Found a one-way gate to the infinite horrors of the Abyss.
 51060 | Depths:4 | Found a glowing golden altar of the Shining One.
 51439 | Depths:4 | Found a runed gate.
 51439 | Depths:4 | Found a runed gate.
 51439 | Depths:4 | Found a runed gate.
 51509 | Depths:4 | Noticed an iron giant
 51720 | Depths:4 | Reached XP level 23. HP: 166/178 MP: 31/39
 51722 | Depths:4 | Killed an iron giant
 51746 | Depths:4 | Got a coiled tin ring
 51759 | Depths:4 | Identified the ring "Biyrchix" {+Blink rPois Stlth-} (You took it off a spriggan defender on level 4 of the Depths)
 51822 | Depths:5 | Entered Level 5 of the Depths
 51932 | Depths:5 | Noticed an iron giant
 52189 | Depths:5 | Paralysed by a giant eyeball for 3 turns
 52686 | Depths:4 | Learned a level 5 spell: Warp Weapon
 52786 | Depths:5 | Reached skill level 20 in Stealth
 52831 | Depths:5 | Found a shadowy altar of Dithmenos.
 52839 | Depths:5 | Got a pair of shimmering gloves
 52898 | Depths:5 | Identified the +0 pair of gloves of Ynupna {rElec MR- Stlth+} (You found it on level 5 of the Depths)
 52944 | Depths:5 | Noticed a juggernaut
 52967 | Depths:5 | Killed a juggernaut
 52995 | Depths:5 | Noticed a caustic shrike
 52998 | Depths:5 | Noticed a caustic shrike
 53011 | Depths:5 | Killed a caustic shrike
 53046 | Depths:5 | Killed a caustic shrike
 53096 | Depths:5 | Noticed a caustic shrike
 53349 | Depths:5 | Killed a caustic shrike
 53637 | Depths:5 | Found a snail-covered altar of Cheibriados.
 54083 | Depths:5 | Found a gate to the Realm of Zot.
 54092 | Depths:5 | Reached skill level 5 in Translocations
 54107 | Depths:5 | Killed an iron giant
 54276 | Depths:5 | Gained mutation: You are partially covered in thin metallic scales (AC +2). [potion of mutation]
 54285 | Depths:5 | Found an iron altar of Okawaru.
 54396 | Depths:5 | Found a basalt altar of Yredelemnul.
 55122 | Depths:3 | Bought a potion of heal wounds for 125 gold pieces
 55154 | Depths:3 | Bought a shiny helmet for 450 gold pieces
 55386 | D:14     | Reached XP level 24. HP: 187/187 MP: 40/40
 55561 | Vaults:2 | Found a staircase to the Crypt.
 56225 | Vaults:2 | Reached skill level 21 in Stealth
 56839 | Vaults:2 | Reached skill level 15 in Fighting
 57614 | Vaults:3 | Reached skill level 15 in Charms
 57852 | Vaults:3 | Noticed Frederick
 57895 | Vaults:3 | Killed Frederick
 58084 | Vaults:3 | Found a flickering gateway to a bazaar.
 58094 | Bazaar   | Entered a bazaar
 58095 | Bazaar   | Found Tipt's Armour Emporium.
 58095 | Bazaar   | Found Susei's Distillery.
 58096 | Bazaar   | Found Ihorath's Armour Shop.
 58124 | Bazaar   | Bought a potion of mutation for 22 gold pieces
 58124 | Bazaar   | Gained mutation: Your body sometimes deteriorates upon taking damage. [potion of mutation]
 58124 | Bazaar   | Gained mutation: You have a pair of small horns on your head. [potion of mutation]
 58124 | Bazaar   | Gained mutation: You have a pair of horns on your head. [potion of mutation]
 58125 | Bazaar   | Bought a potion of magic for 72 gold pieces
 58125 | Bazaar   | Bought a potion of magic for 72 gold pieces
 58125 | Bazaar   | Bought a potion of haste for 90 gold pieces
 58125 | Bazaar   | Bought a potion of haste for 90 gold pieces
 58125 | Bazaar   | Bought a potion of brilliance for 36 gold pieces
 58125 | Bazaar   | Bought a potion of flight for 27 gold pieces
 58128 | Bazaar   | Found Veghits's Gadget Boutique.
 58158 | Bazaar   | Bought a +2 pearl dragon armour for 1517 gold pieces
 59212 | Vaults:4 | Noticed Mennas
 59560 | Vaults:4 | Reached XP level 25. HP: 195/195 MP: 20/41
 59773 | Vaults:4 | Learned a level 8 spell: Discord
 59807 | Vaults:4 | Killed Mennas
 60359 | Vaults:5 | Entered Level 5 of the Vaults
 60370 | Vaults:5 | Reached skill level 22 in Stealth
 60980 | Vaults:5 | Got a faintly glowing copper ring
 61221 | Vaults:5 | Noticed an ancient lich
 61236 | Vaults:5 | Killed an ancient lich
 61686 | Vaults:5 | Identified the ring of Dogma {rC+ Int+2} (You took it off a deep elf elementalist on level 5 of the Vaults)
 61733 | Vaults:5 | Noticed an ancient lich
 61782 | Vaults:5 | Killed an ancient lich
 61789 | Vaults:5 | Learned a level 4 spell: Passage of Golubria
 61930 | Vaults:5 | Identified the Grimoire of Torrid Cold
 62416 | Vaults:5 | Identified the Papyrus of Cloudy Confrontation (You found it on level 5 of the Vaults)
 62552 | Vaults:5 | Identified the Disquisition on Attacks and the Entourage
 62721 | Vaults:5 | Got a silver rune of Zot
 63437 | Crypt:1  | Entered Level 1 of the Crypt
 63567 | Crypt:1  | Reached skill level 15 in Spellcasting
 64277 | Crypt:1  | Reached skill level 23 in Stealth
 65204 | Crypt:3  | Entered Level 3 of the Crypt
 65592 | Crypt:3  | Identified a +5 rod of inaccuracy (9/9) (You found it on level 3 of the Crypt)
 66006 | Crypt:3  | Noticed a greater mummy
 66097 | Crypt:3  | Reached skill level 15 in Dodging
 67022 | Crypt:3  | Found a staircase to the Tomb.
 67493 | Crypt:3  | Killed a greater mummy
 67794 | Tomb:1   | Entered Level 1 of the Tomb of the Ancients
 67794 | Tomb:1   | Noticed feelmyfire's ghost (master MiFi)
 67802 | Tomb:1   | Killed feelmyfire's ghost
 68064 | Tomb:1   | Reached skill level 1 in Throwing
 68471 | Tomb:1   | Noticed a greater mummy
 68477 | Tomb:1   | Killed a greater mummy
 68557 | Tomb:1   | Noticed a greater mummy
 68565 | Tomb:1   | Killed a greater mummy
 68594 | Tomb:1   | Noticed a greater mummy
 68768 | Tomb:1   | Killed a greater mummy
 69180 | Tomb:2   | Noticed a greater mummy
 69187 | Tomb:2   | Noticed a greater mummy
 69188 | Tomb:2   | Noticed Boris
 69189 | Tomb:2   | Noticed a greater mummy
 69190 | Tomb:2   | Noticed a greater mummy
 69233 | Tomb:1   | Killed a greater mummy
 69257 | Tomb:1   | Killed Boris
 69265 | Tomb:1   | Killed a greater mummy
 69265 | Tomb:1   | Lost strength.
 69600 | Tomb:1   | Killed a greater mummy
 70172 | Depths:3 | Bought an uncursed ring of sustain attributes for 315 gold pieces
 70172 | Depths:3 | Bought a +4 ring of strength for 486 gold pieces
 70735 | Tomb:2   | Reached skill level 5 in Conjurations
 70966 | Tomb:1   | Noticed a greater mummy
 70973 | Tomb:1   | Noticed a greater mummy
 70973 | Tomb:1   | Noticed a greater mummy
 70985 | Tomb:2   | Killed a greater mummy
 71110 | Tomb:1   | Noticed a greater mummy
 71117 | Tomb:1   | Killed a greater mummy
 71117 | Tomb:1   | Reached skill level 5 in Throwing
 71125 | Tomb:1   | Noticed a greater mummy
 71125 | Tomb:1   | Killed a greater mummy
 71129 | Tomb:1   | Noticed a greater mummy
 71145 | Tomb:1   | Killed a greater mummy
 71176 | Tomb:1   | Killed a greater mummy
 71176 | Tomb:1   | Reached skill level 24 in Stealth
 71204 | Tomb:1   | Noticed a greater mummy
 71209 | Tomb:1   | Killed a greater mummy
 71220 | Tomb:1   | Killed a greater mummy
 71246 | Tomb:1   | Noticed a greater mummy
 71248 | Tomb:1   | Noticed a greater mummy
 71253 | Tomb:1   | Killed a greater mummy
 71259 | Tomb:1   | Killed a greater mummy
 71271 | Tomb:1   | Noticed a greater mummy
 71276 | Tomb:1   | Killed a greater mummy
 71315 | Tomb:1   | Noticed a greater mummy
 71324 | Tomb:1   | Killed a greater mummy
 71356 | Tomb:1   | Noticed a greater mummy
 71366 | Tomb:1   | Killed a greater mummy
 71392 | Tomb:1   | Noticed a greater mummy
 71402 | Tomb:1   | Killed a greater mummy
 71413 | Tomb:1   | Noticed a greater mummy
 71419 | Tomb:1   | Killed a greater mummy
 71438 | Tomb:1   | Noticed a greater mummy
 71449 | Tomb:1   | Killed a greater mummy
 71591 | Tomb:1   | Killed a greater mummy
 71967 | Tomb:3   | Entered Level 3 of the Tomb of the Ancients
 71967 | Tomb:3   | Noticed Khufu
 71967 | Tomb:3   | Noticed a greater mummy
 71967 | Tomb:3   | Noticed a greater mummy
 71977 | Tomb:3   | Killed a greater mummy
 71984 | Tomb:3   | Killed a greater mummy
 71993 | Tomb:2   | Killed Khufu
 72376 | Tomb:3   | Noticed a greater mummy
 72382 | Tomb:3   | Noticed an ancient lich
 72395 | Tomb:3   | Noticed an ancient lich
 72566 | Tomb:3   | Killed an ancient lich
 72570 | Tomb:3   | Killed an ancient lich
 72574 | Tomb:3   | Noticed a greater mummy
 72581 | Tomb:3   | Killed a greater mummy
 72594 | Tomb:3   | Killed a greater mummy
 72892 | Tomb:3   | Noticed a greater mummy
 72904 | Tomb:3   | Killed a greater mummy
 73025 | Tomb:3   | Noticed a greater mummy
 73037 | Tomb:3   | Killed a greater mummy
 73116 | Tomb:3   | Noticed a greater mummy
 73129 | Tomb:3   | Noticed a greater mummy
 73176 | Tomb:3   | Killed a greater mummy
 73474 | Tomb:3   | Got a scorched lapis lazuli ring
 73476 | Tomb:3   | Identified the ring "Giuwaylla" {rPois rC+} (You found it on level 3 of the Tomb of the Ancients)
 73523 | Tomb:3   | Identified the Compendium of Harmful Clay
 73581 | Tomb:3   | Noticed a greater mummy
 73584 | Tomb:3   | Killed a greater mummy
 73597 | Tomb:3   | Killed a greater mummy
 73732 | Tomb:3   | Got a golden rune of Zot
 73782 | Tomb:3   | Lost mutation: You have a pair of horns on your head. [potion of mutation]
 73782 | Tomb:3   | Gained mutation: You passively map a small area around you. [potion of mutation]
 73782 | Tomb:3   | Lost mutation: You passively map a small area around you. [potion of mutation]
 74794 | Lair:1   | Learned a level 7 spell: Ring of Flames
 75110 | Pan      | Entered Pandemonium
 75272 | Depths:3 | Escaped Pandemonium
 75274 | Pan      | Entered Pandemonium
 75291 | Pan      | Noticed Vokiza the pandemonium lord
 75297 | Pan      | Found an exit through the horrors of the Abyss.
 75586 | Pan      | Noticed Utum the pandemonium lord
 75647 | Pan      | Reached skill level 1 in Fire Magic
 75939 | Pan      | Noticed Guas the pandemonium lord
 75944 | Pan      | Banished Guas the pandemonium lord
 76024 | Pan      | Noticed Ockuuh the pandemonium lord
 76039 | Pan      | Killed Ockuuh the pandemonium lord
 76112 | Pan      | Got a demonic rune of Zot
 76343 | Pan      | Noticed Itiet the pandemonium lord
 76495 | Pan      | Entered the realm of Lom Lobon.
 76552 | Pan      | Learned a level 2 spell: Blink
 76860 | Pan      | Reached skill level 5 in Fire Magic
 76964 | Pan      | Noticed Lom Lobon
 76977 | Pan      | Killed Lom Lobon
 77010 | Pan      | Got a magical rune of Zot
 77291 | Pan      | Identified Doaz's Papyrus of Supportive Confrontation (You found it in Pandemonium)
 77361 | Pan      | Noticed Taas Jyd the pandemonium lord
 77381 | Depths:3 | Escaped Pandemonium
 77383 | Pan      | Entered the realm of Gloorx Vloq.
 77383 | Pan      | Entered Pandemonium
 77869 | Pan      | Noticed Gloorx Vloq
 78945 | Pan      | Killed Gloorx Vloq
 79021 | Pan      | Got a dark rune of Zot
 79206 | Depths:3 | Escaped Pandemonium
 79245 | Depths:1 | Bought an amulet of reflection for 700 gold pieces
 79290 | Pan      | Entered the realm of Mnoleg.
 79290 | Pan      | Entered Pandemonium
 79465 | Pan      | Noticed Mnoleg
 79495 | Pan      | Gained mutation: You are frail (-10% HP). [a neqoxec]
 79511 | Pan      | Got a glowing rune of Zot
 79547 | Pan      | Gained mutation: You are partially covered in rough black scales (AC +4, Dex -1). [a neqoxec]
 79578 | Pan      | Entered the realm of Cerebov.
 79578 | Pan      | Found an exit through the horrors of the Abyss.
 80082 | Pan      | Reached skill level 10 in Fire Magic
 80089 | Pan      | Identified the Papyrus of Talismans and Conjuration
 80096 | Pan      | Identified Sif Muna's Handbook of Spatial Arcane Weapons (You found it in Pandemonium)
 80224 | Pan      | Reached skill level 25 in Stealth
 80326 | Pan      | Got a twitching lapis lazuli ring
 80329 | Pan      | Identified the ring of Tykuna {rC- rN+ MR+ SInv Stlth+} (You took it off an efreet in Pandemonium)
 80351 | Pan      | Noticed Cerebov
 80360 | Pan      | Killed Cerebov
 80407 | Pan      | Identified the Incunabulum of Conjuration and Envenoming
 80442 | Pan      | Got a fiery rune of Zot
 80547 | Depths:3 | Escaped Pandemonium
 80595 | Depths:4 | Voluntarily entered the Abyss.
 80631 | Abyss:2  | Found a burning altar of Makhleb.
 82099 | Abyss:3  | Got an abyssal rune of Zot
 82855 | Abyss:3  | Paralysed by accursed screaming for 2 turns
 82933 | Depths:4 | Escaped the Abyss
 82960 | Hell     | Entered the Vestibule of Hell
 82960 | Hell     | Noticed Geryon
 82969 | Hell     | Killed Geryon
 82999 | Hell     | Found a gateway to the decaying netherworld of Tartarus.
 83034 | Tar:1    | Entered Level 1 of Tartarus
 83144 | Hell     | Noticed Murray
 83177 | Hell     | Killed Murray
 83688 | Tar:3    | Reached skill level 26 in Stealth
 84738 | Tar:7    | Entered Level 7 of Tartarus
 84740 | Tar:7    | Upgraded the game from 0.18-a0-1721-gc4d1f22 to 0.18-a0-1730-g73f0523
 85263 | Tar:7    | Killed from afar by a Tzitzimitl

Vault maps used:
D:1:      eino_arrival_water_cross
D:2:      grunt_temple_overflow_order_and_chaos_1,
          nicolae_gozag_cash_rules_everything_around_me,
          gammafunk_temple_overflow_pools
D:3:      gammafunk_temple_overflow_elements, lemuel_doored_altar,
          lemuel_zombie_altar_yredelemnul, first_bread, nicolae_ru_awakened_eye
D:4:      grunt_temple_overflow_lords_of_destruction, marbit_many_paths
D:5:      serial_shops, nicolae_shop_stone, nicolae_shop_overgrown_old_shop,
          shop, shop, shop, st_stairs_10, minmay_misc_feat_alley,
          uniq_crazy_yiuf_cottage
D:6:      elyvilon_altar_5
D:7:      lemuel_ice_spiral_2, minitemple, the_bakery
D:8:      lemuel_round_altar, uniq_joseph, uniq_erica
D:9:      cheibrodos_stairvault_heist, david_defended_altar_orc
D:10:     statuecave_lemuel, enter_bailey_3
D:11:     orc_0_dummy
D:14:     david_vaults_3, minmay_misc_feat_ornament, lemuel_nasty_fountain,
          uniq_urug
D:15:     gammafunk_enter_depths_forms, evilmike_ruin_ashenzari, serial_shops,
          shop_scrolls, lemuel_statue_altar
Lair:1:   dragon1_lemuel, minmay_hedge_maze, fungi_pond_lemuel,
          grunt_megastairs_4, uniq_fannar
Lair:3:   elwin_shoals_entry_rooms, basic_altar, minivault_19,
          serial_bayou_lagoon_b
Lair:4:   lemuel_slime
Lair:6:   nicolae_spider_entry_non_spiders
Lair:7:   slime_dummy, worms_lemuel, grunt_megastairs_1
Lair:8:   grunt_lair_end_beastmaster, roderic_batcave, bh_autumn_forest_stairs
Shoals:2: lightli_airlock, uniq_roxanne, uniq_polyphemus, uniq_donald
Shoals:3: st_sunken_temple
Shoals:4: shoals_end_grunt_ice, shoals_ilsuiw_ice
Spider:1: spider_trap
Spider:2: nicolae_spider_corner, hangedman_stitches_earthworm
Spider:4: spider_rune_water, uniq_kirke
Slime:3:  cheibrodos_slime_lost_civilization_6
Slime:4:  nicolae_slime_round_cave
Orc:1:    serial_shops, shop, mines1_david
Orc:2:    pf_orc_diabolical, bloody_trog, uniq_maurice, uniq_azrael
Elf:1:    eino_elf_arrival_sip, special_room, kennysheep_underground_church,
          grunt_ministairs_15, st_stairs_10, grunt_megastairs_3
Elf:2:    basic_altar
Elf:3:    elf_hall, basic_altar, mu_enter_wizlab_5
Vaults:1: v_pattern_4, ontoclasm_vaults_fault, nicolae_vaults_border_crossing,
          vaults_room_semicircle, vaults_dpeg_ring, v_misc_16,
          vaults_standard_mumra_x, v_misc_1, v_misc_4,
          vaults_room_grunt_arrival_ludios, serial_shops,
          nicolae_shop_temple_entry_statues_fountains, serial_glass,
          uniq_jorgrun, uniq_saint_roka
Vaults:2: minmay_crypt_entry_simple_round, v_rooms_2, ontoclasm_vaults_shuriken,
          nicolae_vaults_little_squares_4, nicolae_vaults_little_squares_3,
          nicolae_vaults_big_angled_halls, nicolae_vaults_little_squares_4,
          hangedman_vaults_corner_blocks, vaults_mumra_minichess_inversion,
          nicolae_vaults_asterisk, ontoclasm_vaults_ligature,
          nicolae_vaults_windows_and_doors_thing,
          nicolae_vaults_disjoint_gnomons, v_misc_17, v_misc_12, v_pattern_3,
          nicolae_vaults_little_squares_3
Vaults:3: v_alt_pattern_4, hangedman_vaults_corner_blocks,
          nicolae_vaults_triangles, nicolae_vaults_little_ls,
          grunt_vaults_funnel, nicolae_vaults_little_squares_6, v_alt_pattern_2,
          v_alt_pattern_5, nicolae_vaults_ring_of_whatevers, v_pattern_2,
          nicolae_vaults_asterisk, v_misc_10, v_misc_24, sword_in_stone,
          serial_shops, freezing_bzr
Vaults:4: nicolae_vaults_little_squares_6, vaults_standard_mumra_lines,
          ontoclasm_vaults_gateway, dpeg_vaults_pockets_of_resistance,
          vaults_room_pools, nicolae_vaults_theta, vaults_room_corners,
          vaults_room_fours, v_rooms_1, vaults_dpeg_hooks,
          vaults_dpeg_encased_lava, v_rooms_6, v_misc_5, v_misc_23,
          nicolae_vaults_gold_heap, vaults_room_stairs_pillars, uniq_mennas
Crypt:3:  due_elkab, tomb_entry_forgotten_bobbens, st_stairs_13
Tomb:2:   uniq_boris
Tomb:3:   uniq_khufu
Depths:1: serial_shops, shop_fountains, pf_hell_entry_tar_river,
          serial_bayou_lagoon_a, kilobyte_mutagenic_chamber,
          kennysheep_random_hallway
Depths:2: cross_vault, grunt_mini_vestibule, minmay_misc_feat_enclosed,
          hangedman_decor_peaks_small, minmay_st_funbox, uniq_aizul
Depths:3: kennysheep_gozag_temple, enter_ziggurat_b, minmay_misc_feat_rows,
          hell_entry, nicolae_trove_entry_crossroad, rand_demon_pan_entry_7,
          serial_shops, shop, kennysheep_little_box, nicolae_shop_behind_doors,
          nicolae_shop_crystal, serial_bayou_shore_a,
          infiniplex_staircase_zigzag_2
Depths:4: kennysheep_treasure_stockpile, hell_entry, bh_walls_and_bars,
          abyss_entry_small_statue_room, tso_metal_star,
          minmay_staircase_bubble, firewood_loft, basic_stair_grate_trap,
          uniq_mara
Depths:5: grunt_profane_halls, hell_entry
Tar:3:    lemuel_elevator, grunt_megastairs_2
Tar:7:    tar_minmay_river
Abyss:2:  evilmike_abyss_exit_smiterflies
Abyss:3:  evilmike_abyss_exit_7, evilmike_abyss_rune_shrine,
          serial_sigils_hangedman_shear
Pan:      grunt_pan_in_and_out, evilmike_mini_pan_doors, pan_blood_fountain_2,
          evilmike_mini_pan_thingy, nicolae_pan_glass_arcs,
          pan_blood_fountain_2, nicolae_pan_giant_door,
          evilmike_mini_pan_doors_b, nicolae_pan_door_chamber,
          evilmike_mini_pan_diamond, pan_surprise, evilmike_mini_pan_V,
          evilmike_mini_pan_diamond, lom_lobon_spiral_st,
          nicolae_pan_sigil_nadil, evilmike_mini_pan_possible_glass,
          nicolae_pan_sick_transit, gloorx_vloq_st, pan_blood_fountain_small,
          reaverb_pan_chaos_star, nicolae_pan_gloorx_vloqian_2,
          mnoleg_grunt_wretched_star, grunt_pan_in_and_out,
          pan_blood_fountain_small, cerebov_st
Bazaar:   bazaar_minmay_plants
Bailey:   bailey_axe_3, bailey
WizLab:   wizlab_iskenderun

Skill      XL: |  1  2  3  4  5  6  7  8  9 10 11 12 13 14 15 16 17 18 19 20 21 22 23 24 25 |
---------------+----------------------------------------------------------------------------+-----
Short Blades   | 2 3 4 5 6 7 9 11 12 13 14 15 16 17 18 19 23 | 23.1
Hexes          | 5 6 7 9 11 12 14 15 16 17 18 19 20 21 23 | 23.0
Stealth        | 5 6 7 8 9 10 12 13 14 15 16 17 18 19 20 21 26 | 26.3
Fighting       | 1 2 3 4 5 6 7 8 10 11 12 13 14 15 19 | 19.2
Dodging        | 3 4 5 6 8 9 10 11 12 20 | 20.4
Spellcasting   | 3 4 5 7 8 9 10 11 12 13 14 15 | 15.7
Charms         | 1 2 3 4 6 7 8 9 10 11 12 13 14 15 19 | 19.4
Conjurations   | 1 2 7 |  7.7
Necromancy     | 2 3 5 6 7 8 |  8.0
Translocations | 2 3 5 6 8 |  8.8
Shields        | 1 3 4 5 13 17 | 17.4
Air Magic      | 7 |  7.5
Throwing       | 8 |  8.7
Fire Magic     | 11 | 11.0

Action                   |  1- 3 |  4- 6 |  7- 9 | 10-12 | 13-15 | 16-18 | 19-21 | 22-24 | 25-27 || total
-------------------------+-------+-------+-------+-------+-------+-------+-------+-------+-------++-------
Melee: Dagger            |    56 |       |       |       |       |       |       |       |       ||    56
       Short sword       |    41 |   211 |   322 |   982 |  1799 |   761 |       |       |       ||  4116
       Quick blade       |       |       |       |    19 |       |       |   341 |  2928 |  7060 || 10348
       Rapier            |       |       |       |       |    96 |   775 |  1231 |    76 |       ||  2178
       Unarmed           |       |       |       |       |       |     1 |       |       |       ||     1
 Fire: Blowgun           |       |       |       |       |       |     4 |       |       |       ||     4
Throw: Throwing net      |       |       |       |       |       |     2 |     1 |     2 |    98 ||   103
 Cast: Ensorcelled Hiber |     4 |     6 |     2 |     1 |     4 |    43 |     2 |     1 |       ||    63
       Dazzling Spray    |       |     5 |    11 |    34 |    24 |    54 |     7 |    14 |     7 ||   156
       Confuse           |       |     9 |    26 |    67 |    98 |   103 |    54 |   170 |   224 ||   751
       Invisibility      |       |       |       |     5 |    17 |    29 |    19 |    17 |    26 ||   113
       Tukima's Dance    |       |       |       |     1 |     1 |     3 |       |       |       ||     5
       Spectral Weapon   |       |       |       |     1 |     2 |    14 |    34 |    52 |   109 ||   212
       Regeneration      |       |       |       |       |    29 |    50 |    55 |    40 |   242 ||   416
       Cause Fear        |       |       |       |       |     3 |     3 |       |       |       ||     6
       Apportation       |       |       |       |       |     2 |       |     2 |       |    10 ||    14
       Deflect Missiles  |       |       |       |       |       |     1 |     7 |    10 |     2 ||    20
       Fulminant Prism   |       |       |       |       |       |       |     7 |    12 |       ||    19
       Silence           |       |       |       |       |       |       |     1 |       |     9 ||    10
       Warp Weapon       |       |       |       |       |       |       |       |     8 |     4 ||    12
       Haste             |       |       |       |       |       |       |       |     2 |       ||     2
       Passage of Golubr |       |       |       |       |       |       |       |       |     6 ||     6
       Ring of Flames    |       |       |       |       |       |       |       |       |     6 ||     6
       Discord           |       |       |       |       |       |       |       |       |     5 ||     5
       Blink             |       |       |       |       |       |       |       |       |     4 ||     4
Invok: Sacrifice Words   |       |       |     1 |       |       |       |       |       |       ||     1
       Sacrifice Durabil |       |       |     1 |       |       |       |       |       |       ||     1
       Sacrifice Experie |       |       |     1 |       |       |       |       |       |       ||     1
       Apocalypse        |       |       |       |     2 |     3 |     8 |     5 |     8 |    21 ||    47
       Draw Out Power    |       |       |       |     1 |     1 |     3 |       |       |    19 ||    24
       Sacrifice Essence |       |       |       |     1 |       |       |       |       |       ||     1
       Sacrifice Love    |       |       |       |     1 |       |       |       |       |       ||     1
       Sacrifice Purity  |       |       |       |     1 |     1 |       |       |       |       ||     2
       Power Leap        |       |       |       |       |       |     4 |     2 |     5 |     9 ||    20
 Abil: End Transformatio |       |       |       |     3 |       |     9 |     3 |       |     4 ||    19
       Bat Form          |       |       |       |     3 |       |     9 |     3 |       |     4 ||    19
       Evoke Invisibilit |       |       |       |       |       |       |       |       |     1 ||     1
       Turn Visible      |       |       |       |       |       |       |       |       |     1 ||     1
Evoke: Lamp of fire      |       |       |       |     1 |       |       |       |       |       ||     1
       Wand              |       |       |       |       |       |       |     3 |     5 |     9 ||    17
  Use: Potion            |       |     4 |     2 |    17 |    13 |    11 |    12 |    13 |    36 ||   108
       Scroll            |       |       |     7 |    24 |     8 |     9 |    26 |    10 |    26 ||   110
 Stab: Sleeping          |    11 |    11 |    30 |    53 |    70 |    34 |    76 |    73 |    87 ||   445
       Confused          |       |     9 |    15 |    38 |    67 |    55 |    34 |   110 |   129 ||   457
       Invisible         |       |       |     3 |    42 |   142 |   225 |   167 |   132 |   231 ||   942
       Distracted        |       |       |       |     5 |    26 |    16 |    29 |    50 |   150 ||   276
       Paralysed         |       |       |       |     1 |    13 |    13 |    16 |    23 |    39 ||   105
       Held in net/web   |       |       |       |       |       |     2 |     1 |     2 |    85 ||    90
  Eat: Corpse            |     7 |     4 |    14 |    39 |    43 |    33 |    30 |    35 |    22 ||   227
